 Dungeon Crawl Stone Soup version 0.28.0-53-g5a82cb258f (webtiles) character file.

Game seed: 2802211979655374567

5 gobodom the Grave Robber (level 1, -2/13 HPs)
             Began as a Demonspawn Necromancer on June 19, 2022.
             Slain by a goblin
             ... wielding a +0 dagger
              (4 damage)
             ... on level 1 of the Dungeon.
             The game lasted 00:02:25 (273 turns).

gobodom the Grave Robber (Demonspawn Necromancer)    Turns: 273, Time: 00:02:26

Health: -2/13      AC:  2    Str:  8    XL:     1   Next: 66%
Magic:  2/3        EV: 12    Int: 16    God:
Gold:   7          SH:  0    Dex: 13    Spells: 3/4 levels left

rFire   . . .      SeeInvis .   (no weapon)
rCold   . . .      Faith    .   (no shield)
rNeg    . . .      Spirit   .   a - +0 robe
rPois   .          Reflect  .   (no helmet)
rElec   .          Harm     .   (no cloak)
rCorr   .          Rampage  .   (no gloves)
Will    .....                   (no boots)
Stlth   ++........              (no amulet)
HPRegen 0.04/turn               (no ring)
MPRegen 0.08/turn               (no ring)

@: no status effects
A: no striking features
a: no special abilities


You were on level 1 of the Dungeon.
You visited 1 branch of the dungeon, and saw 1 of its levels.

You collected 7 gold pieces.

Inventory:

Armour
 a - a +0 robe (worn)


   Skills:
 + Level 1.7 Dodging
 + Level 1.8 Stealth
 + Level 2.0 Spellcasting
 + Level 4.7 Necromancy


You had 3 spell levels left.
You knew the following spells:

 Your Spells              Type           Power      Damage    Failure   Level
a - Pain                  Necr           64%        1d7       3%          1

Your spell library contained the following spells:

 Spells                   Type           Power      Damage    Failure   Level
 Animate Skeleton         Necr           32%        N/A       3%          1
 Vampiric Draining        Necr           16%        2d7       9%          3
 Animate Dead             Necr           8%         N/A       30%         4
 Agony                    Necr           16%        N/A       63%         5


Dungeon Overview and Level Annotations

Branches:
Dungeon (1/15)

Altars:


Message History

The giant cockroach completely misses you.
You barely miss the giant cockroach.
The giant cockroach is almost dead.
The giant cockroach bites you. The giant cockroach closely misses you.
You closely miss the giant cockroach.
The giant cockroach is almost dead.
The giant cockroach bites you.
The giant cockroach bites you but does no damage.
You closely miss the giant cockroach.
The giant cockroach is almost dead.
The giant cockroach barely misses you. The giant cockroach bites you.
The giant cockroach closely misses you.
You closely miss the giant cockroach.
The giant cockroach is almost dead.
The giant cockroach closely misses you.
The giant cockroach completely misses you.
Casting: Pain (safe; 3% risk of failure)
Confirm with . or Enter, or press ? or * to list all spells.
Aiming: Pain (safe; 3% risk of failure)
Press: ? - help, Shift-Dir - straight line, f/p - goblin
Aim: a goblin, wielding a +0 dagger (chance to affect: 86%)
The giant cockroach writhes in agony.
You kill the giant cockroach!
The giant cockroach barely misses you.
You open the large door. The giant cockroach misses you.
The goblin hits you but does no damage. The giant cockroach bites you.
* * * LOW HITPOINT WARNING * * *
There is a large open door here.
There is a large open door here.
Found a chain mail.
The goblin hits you with a +0 dagger.
* * * LOW HITPOINT WARNING * * *
As you read the scroll labelled GES TUIFAT, it crumbles to dust.
It is a scroll of identify.
You don't have any unidentified items.
The giant cockroach closely misses you.
You see here a +0 chain mail.
The giant cockroach bites you but does no damage.
You hit the goblin but do no damage. The giant cockroach misses you.
The goblin hits you with a +0 dagger.
You die...

......
........##..........#
......
.........##........
...... .
#........##........
.#####
..#........##......##
.#
......#....##......#
.#
......#....##......#
......#............#
........g..........#
.......@B.[........#
...................#
................####
........###....##
.######## #....#
######


You could see a giant cockroach and a goblin.

Vanquished Creatures
  A dart slug (D:1)
  A giant cockroach (D:1)
  A hobgoblin (D:1)
3 creatures vanquished.

Notes
Turn   | Place    | Note
-------+----------+-------------------------------------------
     0 | D:1      | gobodom the Demonspawn Necromancer began the quest for the
                  | Orb.
     0 | D:1      | Reached XP level 1. HP: 13/13 MP: 3/3
   273 | D:1      | Slain by a goblin

Illustrated notes

Levels and vault maps discovered:
D:1:      minmay_arrival_plants_in_alcoves, layout_basic,
          ebering_ecumenical_altar_box

Action                   || total
-------------------------++-------
Melee: Unarmed           ||    15
 Cast: Pain              ||     7
  Use: Scroll            ||     1
Armor: Robe              ||     7
Dodge: Dodged            ||    23
